 Dungeon Crawl Stone Soup version 0.27.1-34-g3ba077fa99 (webtiles) character file.

Game seed: 15215925933410614178

189 zeram the Shield-Bearer (level 5, -2/47 HPs)
             Began as a Gnoll Fighter on Jan 20, 2022.
             Succumbed to a water moccasin's poison
             ... on level 3 of the Dungeon.
             The game lasted 00:04:51 (2549 turns).

zeram the Shield-Bearer (Gnoll Fighter)             Turns: 2549, Time: 00:04:52

Health: -2/47      AC:  7    Str: 16 (17) XL:     5   Next: 68%
Magic:  7/7        EV:  8    Int:  6 (7)  God:
Gold:   37         SH: 10    Dex: 10 (11) Spells: 7/7 levels left

rFire    . . .     SeeInvis .   a - +0 trident
rCold    . . .     Faith    .   c - +0 kite shield
rNeg     . . .     Spirit   .   b - +0 scale mail
rPois    .         Reflect  .   (no helmet)
rElec    .         Harm     .   (no cloak)
rCorr    .         Rampage  .   (no gloves)
Will     .....                  (no boots)
Stlth    ..........             (no amulet)
HPRegen  0.15/turn              (no ring)
MPRegen  0.10/turn              (no ring)

@: mighty, lethally poisoned (-2 -> -18)
A: fangs 1, strong nose, distributed training
a: no special abilities


You were on level 3 of the Dungeon.
You visited 1 branch of the dungeon, and saw 3 of its levels.

You collected 37 gold pieces.

Inventory:

Hand Weapons
 a - a +0 trident (weapon)
Armour
 b - a +0 scale mail (worn)
 c - a +0 kite shield (worn)
Scrolls
 f - a scroll of torment {unknown}
 g - a scroll of teleportation {unknown}
 h - 3 scrolls of fog {unknown}
 i - 2 scrolls of identify {unknown}
 j - a scroll of fear {unknown}
 l - a scroll of amnesia {unknown}
 o - 2 scrolls of brand weapon {unknown}
 p - a scroll of holy word {unknown}
Potions
 d - a potion of might
 k - a potion of haste {unknown}
 m - a potion of invisibility {unknown}
 q - a potion of heal wounds {unknown}


   Skills:
 + Level 6.7 Fighting
 + Level 1.6 Short Blades
 + Level 1.6 Long Blades
 + Level 1.6 Axes
 + Level 1.6 Maces & Flails
 + Level 4.8 Polearms
 + Level 1.6 Staves
 + Level 1.6 Slings
 + Level 1.6 Bows
 + Level 1.6 Crossbows
 + Level 1.6 Throwing
 + Level 6.7 Armour
 + Level 1.6 Dodging
 + Level 1.6 Stealth
 + Level 6.7 Shields
 + Level 1.6 Unarmed Combat
 + Level 1.6 Spellcasting
 + Level 1.2 Conjurations
 + Level 1.2 Hexes
 + Level 1.2 Summonings
 + Level 1.2 Necromancy
 + Level 1.2 Translocations
 + Level 1.2 Transmutations
 + Level 1.2 Fire Magic
 + Level 1.2 Ice Magic
 + Level 1.2 Air Magic
 + Level 1.2 Earth Magic
 + Level 1.2 Poison Magic
 + Level 1.8 Invocations
 + Level 1.6 Evocations


You had 7 spell levels left.
You didn't know any spells.
Your spell library contained the following spells:

 Spells                   Type           Power      Damage    Failure   Level
 Gell's Gravitas          Tloc           1%         N/A       100%        3
 Lesser Beckoning         Tloc           1%         N/A       100%        3
 Teleport Other           Tloc           2%         N/A       100%        3


Dungeon Overview and Level Annotations

Branches:
Dungeon (3/15)

Altars:

Shops:
D:2 ?*==


Innate Abilities, Weirdness & Mutations

You have very sharp teeth.
Your uncanny sense of smell can sniff out nearby items.
Your experience applies equally to all skills.


Message History

You are more poisoned.
The water moccasin poisons you! You block the water moccasin's attack.
It was a potion of curing.
You feel better. You block the water moccasin's attack.
Unknown command.
You miss the water moccasin.
The water moccasin is lightly wounded.
The water moccasin bites you but does no damage.
The water moccasin bites you.
You are poisoned.
The water moccasin poisons you!
Unknown command.
You feel very mighty all of a sudden.
You feel very sick. The water moccasin barely misses you.
You barely miss the water moccasin.
The water moccasin is lightly wounded.
You feel sick. The water moccasin bites you.
* * * LOW HITPOINT WARNING * * *
You block the water moccasin's attack.
Unknown command.
You puncture the water moccasin!
The water moccasin is severely wounded.
You feel sick.
You block the water moccasin's attack. x2
Unknown command.
You closely miss the water moccasin.
The water moccasin is severely wounded.
You feel sick. You block the water moccasin's attack.
Unknown command.
You barely miss the water moccasin.
The water moccasin is severely wounded.
You feel sick.
The water moccasin bites you but does no damage.
The water moccasin bites you.
* * * LOW HITPOINT WARNING * * *
You are more poisoned.
The water moccasin poisons you!
You miss the water moccasin.
The water moccasin is heavily wounded.
You die...

# ###....# ### ##
...##.##### #.. #..
...........## #.#
#..#............####.#
...#...........##...#
#..##................###
......S..........<.### #
#@......<.....#
#.^...........#
######..........#..####
#................##....#
#.. ...#######...#####
#....# #.. #
#........#...# ###.)#
..#. ..######...#.##
#..... ##...
#......######..... #..#
##.##.#.........##.


You could see a water moccasin.

Vanquished Creatures
  A howler monkey (D:3)
  A hound (D:3)
  Robin (D:2)
  2 gnolls (D:3)
  2 adders (D:2)
  A worm (D:2)
  3 giant cockroaches (D:1)
  17 goblins
  2 hobgoblins (D:1)
  14 jackals
  5 kobolds
  A quokka (D:1)
  7 ball pythons
  4 bats
  4 frilled lizards
  6 rats
71 creatures vanquished.

Notes
Turn   | Place    | Note
-------+----------+-------------------------------------------
     0 | D:1      | zeram the Gnoll Fighter began the quest for the Orb.
     0 | D:1      | Reached XP level 1. HP: 23/23 MP: 1/1
   112 | D:1      | Reached XP level 2. HP: 29/29 MP: 2/2
   416 | D:1      | Found a faded altar of an unknown god.
   707 | D:1      | Reached XP level 3. HP: 32/35 MP: 3/3
  1098 | D:2      | Reached skill level 1 in Invocations
  1313 | D:2      | Found Xumen's General Store.
  1353 | D:2      | Found Peixad's Jewellery Shop.
  1356 | D:2      | Noticed Robin
  1364 | D:2      | Reached skill level 1 in Short Blades
  1364 | D:2      | Reached skill level 1 in Long Blades
  1364 | D:2      | Reached skill level 1 in Axes
  1364 | D:2      | Reached skill level 1 in Maces & Flails
  1364 | D:2      | Reached skill level 1 in Staves
  1364 | D:2      | Reached skill level 1 in Slings
  1364 | D:2      | Reached skill level 1 in Bows
  1364 | D:2      | Reached skill level 1 in Crossbows
  1364 | D:2      | Reached skill level 1 in Throwing
  1364 | D:2      | Reached skill level 1 in Dodging
  1364 | D:2      | Reached skill level 1 in Stealth
  1364 | D:2      | Reached skill level 1 in Unarmed Combat
  1364 | D:2      | Reached skill level 1 in Spellcasting
  1364 | D:2      | Reached skill level 1 in Evocations
  1393 | D:2      | Killed Robin
  1394 | D:2      | Reached XP level 4. HP: 33/41 MP: 5/5
  1542 | D:2      | Found Ysoshr Jeta's Magic Scroll Emporium.
  1723 | D:2      | Found Cejahyfes's Jewellery Shop.
  1901 | D:3      | Reached skill level 1 in Conjurations
  1901 | D:3      | Reached skill level 1 in Hexes
  1901 | D:3      | Reached skill level 1 in Summonings
  1901 | D:3      | Reached skill level 1 in Necromancy
  1901 | D:3      | Reached skill level 1 in Translocations
  1901 | D:3      | Reached skill level 1 in Transmutations
  1901 | D:3      | Reached skill level 1 in Fire Magic
  1901 | D:3      | Reached skill level 1 in Ice Magic
  1901 | D:3      | Reached skill level 1 in Air Magic
  1901 | D:3      | Reached skill level 1 in Earth Magic
  1901 | D:3      | Reached skill level 1 in Poison Magic
  2140 | D:3      | Reached XP level 5. HP: 36/47 MP: 6/6
  2534 | D:3      | Noticed a water moccasin
  2548 | D:3      | HP: 1/47 [water moccasin (4)]
  2549 | D:3      | Succumbed to a water moccasin's poison

Illustrated notes

Levels and vault maps discovered:
D:1:      saegor_arrival_simple_d, layout_loops_corners, basic_ecumenical_altar,
          minmay_misc_feat_tower
D:2:      layout_rooms, serial_shops, shop, shop_statue, nicolae_square_shop,
          nicolae_shop_waterfront, uniq_robin
D:3:      lemuel_castle_with_subvaults [lemuel_castle_interior_original],
          layout_rooms, minmay_goblin_kobold_house

Skill      XL: |  1  2  3  4 |
---------------+-------------+-----
Invocations    | 1 |  1.8
Short Blades   | 1 |  1.6
Long Blades    | 1 |  1.6
Axes           | 1 |  1.6
Maces & Flails | 1 |  1.6
Staves         | 1 |  1.6
Slings         | 1 |  1.6
Bows           | 1 |  1.6
Crossbows      | 1 |  1.6
Throwing       | 1 |  1.6
Dodging        | 1 |  1.6
Stealth        | 1 |  1.6
Unarmed Combat | 1 |  1.6
Spellcasting   | 1 |  1.6
Evocations     | 1 |  1.6
Conjurations   | 1 |  1.2
Hexes          | 1 |  1.2
Summonings     | 1 |  1.2
Necromancy     | 1 |  1.2
Translocations | 1 |  1.2
Transmutations | 1 |  1.2
Fire Magic     | 1 |  1.2
Ice Magic      | 1 |  1.2
Air Magic      | 1 |  1.2
Earth Magic    | 1 |  1.2
Poison Magic   | 1 |  1.2
Fighting       | |  6.7
Polearms       | |  4.8
Armour         | |  6.7
Shields        | |  6.7

Action                   |  1- 3 |  4- 6 || total
-------------------------+-------+-------++-------
Melee: Trident           |   132 |   113 ||   245
       Bite              |     6 |     7 ||    13
  Use: Potion            |       |     3 ||     3
Armor: Scale mail        |    32 |    57 ||    89
Dodge: Dodged            |    19 |    51 ||    70
Block: Kite shield       |    42 |    72 ||   114
